 Dungeon Crawl Stone Soup version 0.24-a0-479-g9a978d2894 (webtiles) character file.

Game seed: 15951977637689975984

0 Gargoyl the Skirmisher (level 1, 0/19 HPs)
             Began as a Centaur Abyssal Knight on July 6, 2019.
             Was a Follower of Lugonu.
             Killed from afar by a raiju (9 damage)
             ... with a living lightning
             ... on level 1 of the Abyss.
             The game lasted 00:00:17 (111 turns).

Gargoyl the Skirmisher (Centaur Abyssal Knight)      Turns: 111, Time: 00:00:17

Health: 0/19       AC:  4    Str: 14    XL:     1   Next: 0%
Magic:  2/2        EV:  9    Int: 11    God:    Lugonu [*.....]
Gold:   9          SH:  0    Dex:  8    Spells: 0/0 levels left

rFire    . . .     SeeInvis .   a - +1 hand axe
rCold    . . .     Gourm    .   (no shield)
rNeg     . . .     Faith    .   b - +0 leather armour
rPois    .         Spirit   .   (no helmet)
rElec    .         Reflect  .   (no cloak)
rCorr    .         Harm     .   (no gloves)
MR       .....                  (no barding)
Stlth    ..........             (no amulet)
HPRegen  0.06/turn              (no ring)
MPRegen  0.08/turn              (no ring)

@: very quick
A: large, hooves 3, deformed body, speed 2, tough skin 3
a: Depart the Abyss, Renounce Religion


You were on level 1 of the Abyss.
You worshipped Lugonu.
Lugonu was aware of your devotion.
You were not hungry.

You visited 0 branches of the dungeon, and saw 0 of its levels.
You visited the Abyss 1 time.

You collected 9 gold pieces.

Inventory:

Hand Weapons
 a - a +1 hand axe (weapon)
Armour
 b - a +0 leather armour (worn)
Comestibles
 c - a ration


   Skills:
 + Level 3.0 Fighting
 + Level 1.7 Axes
 + Level 1.3 Armour
 + Level 0.6 Dodging
 + Level 2.0 Invocations


You couldn't memorise any spells.
You didn't know any spells.
Your spell library was empty.

Dungeon Overview and Level Annotations

Branches:
Dungeon (0/15)

Altars:


Innate Abilities, Weirdness & Mutations

You have hooves in place of feet.
Armour fits poorly on your strangely shaped body.
You cover ground very quickly.
You have extremely tough skin. (AC +3)


Message History

The raiju blinks!
It was a potion of magic.
Magic courses through your body.
A tentacle flies out from the starspawn's body!
A starspawn tentacle comes into view.
Found a pair of boots.
Found a purple potion.
A naga warrior comes into view. It is wielding a -3 dire flail.
The guardian serpent shouts!
The naga warrior shouts!
The guardian serpent gestures with its tail.
The raiju blinks into view!
The tentacled starspawn blinks into view!
The naga warrior blinks!
Tentacles burst from the starspawn's body! 2 starspawn tentacles come into view.
Unknown command.
Found a pair of gloves.
Found a gateway leading out of the Abyss.
The raiju bursts into living lightning!
The living lightning hits you!
You die...

#. #.#..# # #
.#. .#... .###
.#.. #..#.
..... ...#
#...##.#∩.
#..##...#...#
....#.....#
#[.#..#..#
##Nh#...#
#.#§###Nh#..@##
#..─.w.─X###.#
....#.S##.# #[.
.##..#§##.# ..#
#!# ##§### .# #
#.#..# ..
####.### ##
#....# .##
.#h## .


You could see a naga warrior, a tentacled starspawn, a guardian serpent, a raiju
and a starspawn tentacle.

Vanquished Creatures (others)
  5 starspawn tentacles (Abyss:1)
5 creatures vanquished.

Notes
Turn   | Place    | Note
-------+----------+-------------------------------------------
     0 | Abyss:1  | Gargoyl the Centaur Abyssal Knight began the quest for the
                  | Orb.
     0 | Abyss:1  | Reached XP level 1. HP: 19/19 MP: 2/2
     1 | Abyss:1  | Found a corrupted altar of Lugonu.
    87 | Abyss:1  | Noticed a tentacled starspawn
    88 | Abyss:1  | Found a shattered altar of Ashenzari.
    94 | Abyss:1  | Noticed a raiju
    95 | Abyss:1  | Found a shattered altar of Ashenzari.
   106 | Abyss:1  | Noticed a guardian serpent
   106 | Abyss:1  | Noticed a naga warrior
   108 | Abyss:1  | Noticed a salamander
   111 | Abyss:1  | Killed from afar by a raiju

Levels and vault maps discovered:
Abyss:1

Action                   || total
-------------------------++-------
Melee: Hand axe          ||     1
       Kick              ||     1
  Use: Potion            ||     1
Dodge: Dodged            ||     1

Table legend:
 A = Non-vault XP
 B = Vault XP
 C = Vault XP percentage of total XP
 D = Non-vault monster count
 E = Vault monster count
 F = Vault count percentage of total count
                 A         B        C        D         E       F
            +---------+---------+-------+---------+---------+-------
      Total |       0 |       0 |   N/A |       0 |       0 |  -nan
            +---------+---------+-------+---------+---------+-------
            +---------+---------+-------+---------+---------+-------
